 Dungeon Crawl Stone Soup version 0.31.0-9-g3a7656b989 (webtiles) character file.

Game seed: 1224189602564653121

84 qw the Shooter (level 4, 0/25 HPs)
             Began as a Deep Elf Hunter on Feb 2, 2024.
             Slain by Sigmund
             ... wielding a +0 scythe
              (7 damage)
             ... on level 2 of the Dungeon.
             The game lasted 00:00:04 (1207 turns).

qw the Shooter (Deep Elf Hunter)                    Turns: 1207, Time: 00:00:05

Health: 0/25       AC:  7    Str: 10    XL:     4   Next: 23%
Magic:  6/6        EV:  9    Int: 14    God:
Gold:   84         SH:  0    Dex: 18    Spells: 3/3 levels left

rFire   . . .        a - +0 shortbow
rCold   . . .        (shield currently unavailable)
rNeg    . . .        j - +0 scale mail
rPois   .            (no helmet)
rElec   .            h - +0 cloak
rCorr   .            (no gloves)
SInv    .            (no boots)
Will    +....        (no amulet) Stlth
                     (no ring)
HPRegen 0.24/turn    (no ring)
MPRegen 0.10/turn

%: no passive effects
@: confused, enlightened, flying
A: no striking features
a: no special abilities


You were on level 2 of the Dungeon.
You visited 1 branch of the dungeon, and saw 2 of its levels.

You collected 84 gold pieces.


   Skills:
 - Level 1.5 Fighting
 + Level 7.6 Ranged Weapons
 - Level 2.4 Dodging
 - Level 1.2 Stealth


You had 3 spell levels left.
You didn't know any spells.
Your spell library was empty.

Inventory:

Hand Weapons
 a - a +0 shortbow (weapon)
Armour
 h - a +0 cloak (worn)
 j - a +0 scale mail (worn)
Jewellery
 c - a +5 ring of evasion
Scrolls
 b - a scroll of enchant armour {unknown}

Dungeon Overview and Level Annotations

Branches:
Dungeon (2/15)

Altars:

Annotations:
D:2 Sigmund


Message History

Sigmund casts a spell at you.
You are confused.
Sigmund points at you and mumbles some strange words.
You are more confused.
1192 ||| DRINKING fuming red potion.
It was a potion of ambrosia.
You are more confused.
You feel invigorated.
1193 ||| DRINKING puce potion.
It was a potion of enlightenment.
You feel very buoyant.
You fly up into the air.
Sigmund casts a spell.
Sigmund flickers and vanishes!
Deactivating autopickup; reactivate with Ctrl-A.
You shoot an arrow.
You hear some strange, mumbled words.
You are more confused.
You shoot an arrow. You shoot an arrow. Something hits you but does no damage.
You shoot an arrow. Something hits you.
You shoot an arrow.
You feel less invigorated. Something hits you.
You shoot an arrow. Something hits you but does no damage.
You shoot an arrow. Something hits you but does no damage.
You shoot an arrow. Something hits you.
You shoot an arrow. Something hits you but does no damage.
You shoot an arrow. You shoot an arrow.
You hear some strange, mumbled words.
A puff of flame appears from out of thin air!
The puff of flame hits you! Something hits you.
You shoot an arrow. You shoot an arrow. Something hits you!
You die...

###.###..####.#.#..........
#.....#..# #.#.#......P.PP
#.#.#%#..# #.#.#.#....####
#.#.#.#..# #.#.#.#<.......
# #.#.#..# #.#.#.#..##.##.
#.#....####.#.#.#..##.#
#.##.##{....#.#.#)..#.#
#.##.#......#.#.#.#.#.#
#.##'#..@.....#.......# .
##.........###.#...#.#.###
# ....#.....# #.#####.#.# #
...#.....# #.#.....#.# #
..#.....# #.#.#####<# #
#.###..####.#.## ###
#.#...###......# #...###
#.?....# #.....# #......#


There were no monsters in sight!

Vanquished Creatures
  Jessica (D:2)
  An adder (D:2)
  2 dart slugs (D:1)
  2 endoplasms
  A giant cockroach (D:1)
  5 goblins
  5 hobgoblins
  7 jackals
  3 quokkas
  3 ball pythons
  4 bats
  3 kobolds
  3 rats (D:1)
40 creatures vanquished.

Notes
Turn   | Place    | Note
-------+----------+-------------------------------------------
     0 | D:1      | qw the Deep Elf Hunter began the quest for the Orb.
     0 | D:1      | Reached XP level 1. HP: 12/12 MP: 3/3
     0 | D:1      | 0 ||| qw: Version: 0.3-a-155-g5e7d8dd
     0 | D:1      | 0 ||| qw: Game counter: 2269
     0 | D:1      | 0 ||| qw: Melee chars always use a shield: true
     0 | D:1      | 0 ||| qw: God list: Okawaru
     0 | D:1      | 0 ||| qw: Allow faded altars: false
     0 | D:1      | 0 ||| qw: Do Orc after clearing Dungeon:15 true
     0 | D:1      | 0 ||| qw: Do second Lair branch before Depths: true
     0 | D:1      | 0 ||| qw: Lair rune preference: random
     0 | D:1      | 0 ||| qw: Goals: Normal
     0 | D:1      | 0 ||| PLANNING D:1-11
   166 | D:1      | Reached XP level 2. HP: 16/16 MP: 4/4
   168 | D:1      | Reached skill level 6 in Ranged Weapons
   688 | D:1      | Reached XP level 3. HP: 20/20 MP: 5/5
   763 | D:1      | 763 ||| UPGRADING to +0 cloak.
   768 | D:1      | 768 ||| UPGRADING to +0 scale mail.
   778 | D:1      | 778 ||| DROPPING +0 leather armour.
   779 | D:1      | 779 ||| READING scroll labelled LOITACVEDAL.
   780 | D:1      | 780 ||| READING 2 scrolls labelled WUMMYN DIMARGH.
   781 | D:1      | 781 ||| READING scroll labelled OSTIHIBLEA.
   782 | D:1      | 782 ||| READING scroll labelled TOIRU HORUINA.
   783 | D:1      | 783 ||| READING scroll labelled SIRA REEPLA.
   788 | D:1      | 788 ||| DROPPING scroll of butterflies.
   789 | D:1      | 789 ||| DROPPING scroll of poison.
   827 | D:2      | Noticed Jessica
   835 | D:2      | Killed Jessica
   836 | D:2      | Reached skill level 7 in Ranged Weapons
   928 | D:2      | Reached XP level 4. HP: 25/25 MP: 6/6
   969 | D:2      | 969 ||| FLEEEEING.
   970 | D:2      | 970 ||| FLEEEEING.
   971 | D:2      | 971 ||| FLEEEEING.
   972 | D:2      | 972 ||| FLEEEEING.
   973 | D:2      | 973 ||| FLEEEEING.
   974 | D:2      | 974 ||| FLEEEEING.
   975 | D:2      | 975 ||| FLEEEEING.
  1126 | D:2      | Found a faded altar of an unknown god.
  1190 | D:2      | Noticed Sigmund
  1192 | D:2      | 1192 ||| DRINKING fuming red potion.
  1193 | D:2      | 1193 ||| DRINKING puce potion.
  1207 | D:2      | Slain by Sigmund

Levels and vault maps discovered:
D:1:      shiori_arrival_maze, layout_basic
D:2:      layout_basic, shapermc_ecumenical_altar_mp_ritualfount, uniq_jessica,
          uniq_sigmund

Skill      XL: |  1  2  3 |
---------------+----------+-----
Ranged Weapons | 6 7 |  7.6
Fighting       | |  1.5
Dodging        | |  2.4
Stealth        | |  1.2

Action                     |  1- 3 |  4- 6 || total
---------------------------+-------+-------++-------
   Fire: Shortbow          |    85 |    35 ||   120
    Use: Scroll            |     5 |       ||     5
         Potion            |       |     2 ||     2
 Armour: Leather armour    |    13 |       ||    13
         Scale mail        |     7 |    14 ||    21
  Dodge: Dodged            |    23 |     3 ||    26

Table legend:
 A = Non-vault XP
 B = Vault XP
 C = Vault XP percentage of total XP
 D = Non-vault monster count
 E = Vault monster count
 F = Vault count percentage of total count
                 A         B        C        D         E       F
            +---------+---------+-------+---------+---------+-------
      Total |      80 |      40 |  33.3 |      37 |       3 |   7.5
            +---------+---------+-------+---------+---------+-------
        D:1 |      46 |       3 |   6.1 |      24 |       2 |   7.7
        D:2 |      34 |      37 |  52.1 |      13 |       1 |   7.1
            +---------+---------+-------+---------+---------+-------
